 Dungeon Crawl Stone Soup version 0.24.0-125-gc4c63601f3 (webtiles) character file.

Game seed: 16913955675398971308, levelgen mode: deterministic

1645 Peloso the Carver (level 8, -4/70 HPs)
             Began as a Minotaur Fighter on Mar 22, 2020.
             Was an Initiate of Okawaru.
             Slain by a fire elemental (10 damage)
             ... summoned by a deep elf mage
             ... on level 8 of the Dungeon.
             The game lasted 00:15:06 (5628 turns).

Peloso the Carver (Minotaur Fighter)                Turns: 5628, Time: 00:15:07

Health: -4/70      AC: 14    Str: 22    XL:     8   Next: 67%
Magic:  7/7        EV:  5    Int:  5    God:    Okawaru [......]
Gold:   381        SH: 11    Dex: 11    Spells: 7/7 levels left

rFire    . . .     SeeInvis .   a - +0 long sword
rCold    . . .     Gourm    .   c - +0 shield
rNeg     . . .     Faith    .   m - +0 plate armour
rPois    .         Spirit   .   (helmet restricted)
rElec    .         Reflect  .   G - +0 cloak (curse)
rCorr    .         Harm     .   (no gloves)
MR       .....                  (no boots)
Stlth    ..........             (no amulet)
HPRegen  0.21/turn              (no ring)
MPRegen  0.10/turn              (no ring)

@: no status effects
A: retaliatory headbutt, horns 2
a: Renounce Religion


You were on level 8 of the Dungeon.
You worshipped Okawaru.
Okawaru was noncommittal.
You were not hungry.

You visited 2 branches of the dungeon, and saw 9 of its levels.
You also visited: Sewer.

You collected 472 gold pieces.
You spent 91 gold pieces at shops.

Inventory:

Hand Weapons
 a - a +0 long sword (weapon)
 s - a +1 hand axe of flaming
 x - a +2 dagger of flaming
Armour
 b - a +0 scale mail
 c - a +0 shield (worn)
 m - a +0 plate armour (worn)
 G - a cursed +0 cloak (worn)
Wands
 k - a wand of iceblast (5)
 r - a wand of digging (15)
 z - a wand of flame (41)
 D - a wand of paralysis (8)
Scrolls
 g - 2 scrolls of fear
 h - 5 scrolls of remove curse
 i - 4 scrolls of enchant armour {unknown}
 n - a scroll of acquirement
 o - 4 scrolls of magic mapping
 p - 4 scrolls of teleportation
 u - 3 scrolls of identify
 v - 3 scrolls of immolation {unknown}
 y - a scroll of enchant weapon {unknown}
 A - a scroll of torment {unknown}
 B - a scroll of blinking
 C - a scroll of amnesia
Potions
 d - 2 potions of might
 e - a potion of resistance {unknown}
 j - 3 potions of flight
 l - a potion of brilliance
 q - a potion of berserk rage {unknown}
 t - 2 potions of heal wounds {unknown}
 w - a potion of ambrosia {unknown}
 E - a potion of mutation {unknown}
 F - a potion of invisibility {unknown}
Comestibles
 f - 18 rations


   Skills:
 + Level 6.2 Fighting
 + Level 8.5 Long Blades
 + Level 7.0 Armour
 + Level 1.2 Dodging
 + Level 0.1 Stealth
 + Level 7.3 Shields
 + Level 0.8 Evocations


You had 7 spell levels left.
You didn't know any spells.
Your spell library contained the following spells:

 Spells                   Type           Power        Failure   Level  Hunger
 Confusing Touch          Hex            #.....       100%        1    ##.....
 Summon Small Mammal      Summ           #...         100%        1    ##.....
 Call Imp                 Summ           #.......     100%        2    ###....
 Call Canine Familiar     Summ           #.......     100%        3    ####...
 Confuse                  Hex            #.......     100%        3    ####...
 Gell's Gravitas          Tloc           #.........   100%        3    ####...
 Summon Guardian Golem    Hex/Summ       #.......     100%        3    ####...
 Petrify                  Tmut/Erth      #.......     100%        4    #####..
 Summon Ice Beast         Ice/Summ       #.......     100%        4    #####..
 Summon Lightning Spire   Summ/Air       #.......     100%        4    #####..
 Metabolic Englaciation   Hex/Ice        #.........   100%        5    ######.
 Yara's Violent Unravell  Hex/Tmut       #.........   100%        5    ######.


Dungeon Overview and Level Annotations

Branches:
Dungeon (8/15)             Temple (1/1) D:6           Sewer (visited)
   Lair: D:8-11

Altars:
Gozag
Makhleb
Okawaru
Qazlal
Trog
Vehumet
The Shining One

Shops:
D:6 =[?*:

Annotations:
D:3 3 runed translucent doors, sneaky's ghost, amateur TeCj


Innate Abilities, Weirdness & Mutations

You reflexively headbutt those who attack you in melee.
You have a pair of horns on your head.


Message History

The deep elf mage gestures wildly while chanting.
The fire elemental hits you. The fire elemental burns you!
You block the fire elemental's attack.
Your shield and plate armour prevent you from hitting the deep elf mage.
The deep elf mage is heavily wounded.
You block the deep elf mage's attack. You block the fire elemental's attack.
The fire elemental hits you. The fire elemental burns you!
Your shield and plate armour prevent you from hitting the deep elf mage.
Your headbutt misses the deep elf mage.
The deep elf mage is heavily wounded.
The fire elemental hits you. The fire elemental burns you!
The deep elf mage barely misses you. The fire elemental hits you.
The fire elemental burns you!
* * * LOW HITPOINT WARNING * * *
Your shield and plate armour prevent you from hitting the deep elf mage.
The deep elf mage is heavily wounded.
The fire elemental hits you. The fire elemental burns you!
* * * LOW HITPOINT WARNING * * *
The fire elemental hits you. The fire elemental burns you!
You die...

.........#+#####+######
.........#....>.......# ..
.........'............# ...
.........########'#####....
########................#
#................#
#................#
#.........E......#
########.@e.........
#..E......... #............
#............ #############


You could see a deep elf mage and 2 fire elementals.

Vanquished Creatures
  Joseph (D:7)
  An ice beast (D:6)
  Purgy (Sewer)
  An orc warrior (D:7)
  A phantom (D:7)
  A centaur (D:8)
  2 bullfrogs
  3 orc priests
  A hound (D:7)
  4 orc wizards
  A centaur skeleton (D:4)
  An iron imp (D:5)
  8 worker ants
  A hound skeleton (D:5)
  2 worker ant zombies
  6 adders
  4 gnolls (D:6)
  A howler monkey skeleton (D:4)
  A shadow imp (D:6)
  An ooze (D:3)
  An adder skeleton (D:5)
  4 worms
  3 dart slugs
  2 leopard geckos
  14 orcs
  10 bats
  8 giant cockroaches
  5 goblins
  6 hobgoblins
  4 jackals (D:4)
  5 quokkas
  2 ball pythons
  5 frilled lizards
  2 goblin skeletons (D:5)
  2 goblin zombies (D:5)
  3 hobgoblin zombies (D:5)
  2 kobolds
  A kobold skeleton (D:5)
  A leopard gecko skeleton (D:5)
  10 rats
132 creatures vanquished.

Notes
Turn   | Place    | Note
-------+----------+-------------------------------------------
     0 | D:1      | Peloso the Minotaur Fighter began the quest for the Orb.
     0 | D:1      | Reached XP level 1. HP: 19/19 MP: 0/0
   203 | D:1      | Reached XP level 2. HP: 23/27 MP: 1/1
   746 | D:2      | Reached XP level 3. HP: 33/33 MP: 2/2
   802 | D:2      | Reached skill level 3 in Long Blades
  1210 | D:2      | Found an opulent altar of Gozag.
  1512 | D:3      | You fall into a shaft and drop 3 floors!
  1554 | D:6      | Found Wigu's Armour Shop.
  1569 | D:6      | Found Vuistrioj's Magic Scroll Shoppe.
  1629 | D:6      | Reached XP level 4. HP: 40/40 MP: 3/3
  1637 | D:5      | Entered Level 5 of the Dungeon
  1656 | D:5      | Identified a scroll of acquirement
  1746 | D:5      | Reached skill level 4 in Long Blades
  1797 | D:5      | Found a glowing golden altar of the Shining One.
  1846 | D:5      | Reached XP level 5. HP: 27/46 MP: 4/4
  1849 | D:5      | Reached skill level 5 in Long Blades
  1882 | D:5      | Reached skill level 5 in Shields
  1904 | D:5      | Found a glowing drain.
  1929 | Sewer    | Entered a sewer
  2150 | Sewer    | Noticed Purgy
  2169 | Sewer    | Killed Purgy
  2169 | Sewer    | Reached XP level 6. HP: 39/53 MP: 5/5
  2408 | D:4      | Reached skill level 5 in Armour
  2600 | D:3      | Noticed sneaky's ghost (amateur TeCj)
  2625 | D:3      | Found a runed translucent gate.
  2625 | D:3      | Found a runed translucent gate.
  2625 | D:3      | Found a runed translucent gate.
  2746 | D:3      | Reached skill level 6 in Long Blades
  2757 | D:3      | Reached XP level 7. HP: 25/60 MP: 6/6
  2926 | D:4      | Found a bloodstained altar of Trog.
  3185 | D:4      | You fall into a shaft and drop 3 floors!
  3469 | D:7      | Noticed Joseph
  3482 | D:7      | Killed Joseph
  3482 | D:7      | Reached skill level 5 in Fighting
  3482 | D:7      | Reached skill level 7 in Long Blades
  3482 | D:7      | Reached skill level 1 in Dodging
  3565 | D:7      | Reached XP level 8. HP: 29/69 MP: 7/7
  3861 | D:6      | Found Xiozxas's Book Emporium.
  4396 | D:6      | Reached skill level 8 in Long Blades
  4407 | D:6      | Found a staircase to the Ecumenical Temple.
  4449 | Temple   | Entered the Ecumenical Temple
  4455 | Temple   | Became a worshipper of Warmaster Okawaru
  4549 | D:6      | Found Juorch's General Store.
  4562 | D:6      | Bought a scroll of teleportation for 42 gold pieces
  4562 | D:6      | Bought a scroll of magic mapping for 49 gold pieces
  4751 | D:6      | Found Baqatome's Jewellery Boutique.
  5523 | D:8      | Found a radiant altar of Vehumet.
  5612 | D:8      | Noticed a deep elf mage
  5628 | D:8      | Slain by a fire elemental

Levels and vault maps discovered:
D:1:      dpeg_arrival_court, layout_basic, hangedman_decor_opposing
D:2:      layout_rooms, minmay_stone_trees_small, kennysheep_path_1,
          nicolae_gozag_cash_rules_everything_around_me
D:3:      layout_rooms, gammafunk_ghost_icy
D:4:      layout_cave_pools, nicolae_overflow_crystal_walls, first_ration
D:5:      layout_basic, portal_sewer_entry_b, nicolae_tso_besieged_by_evil
D:6:      layout_gridville, minmay_temple_entry_glassed_door, serial_glass,
          glass_columns_a, glass_columns_a, serial_shops, shop_fountains,
          nicolae_shop_stone, nicolae_shop_statue_plus, nicolae_shop_trees,
          nicolae_shop_behind_doors
D:7:      layout_rooms, uniq_joseph
D:8:      layout_gridville, basic_altar, blue_anna_alchemist
          [blue_anna_fruit_fields, blue_anna_fruit_fields], uniq_erica
Temple:   nicolae_temple_the_god_donut

Skill      XL: |  1  2  3  4  5  6  7  8 |
---------------+-------------------------+-----
Shields        | 4 5 6 7 |  7.3
Fighting       | 4 5 6 |  6.2
Armour         | 4 5 6 7 |  7.0
Long Blades    | 3 4 5 6 7 8 |  8.5
Dodging        | 1 |  1.2
Stealth        | |  0.1
Evocations     | |  0.8

Action                   |  1- 3 |  4- 6 |  7- 9 || total
-------------------------+-------+-------+-------++-------
Melee: Long sword        |   137 |   172 |   136 ||   445
       Headbutt          |    12 |    38 |    32 ||    82
Evoke: Wand              |       |       |     6 ||     6
  Use: Scroll            |     5 |     4 |       ||     9
       Potion            |     4 |       |     1 ||     5
  Eat: Chunk             |     3 |     3 |     6 ||    12
       Ration            |       |       |     1 ||     1
Armor: Scale mail        |    35 |       |       ||    35
       Plate armour      |    48 |   153 |    66 ||   267
       Skin              |     1 |       |       ||     1
Dodge: Dodged            |    26 |    43 |    33 ||   102
Block: Shield            |   109 |   113 |    82 ||   304
       Rpst.: Long sword |     6 |     9 |     7 ||    22
